 Dungeon Crawl Stone Soup version 0.30-a0-748-ge6a52f7cba (webtiles) character file.

Game seed: 13972821059060471674

35 Esekla the Sneak (level 3, 0/26 HPs)
             Began as an Octopode Delver on Feb 8, 2023.
             Slain by a black bear (3 damage)
             ... on level 5 of the Dungeon.
             The game lasted 00:03:35 (199 turns).

Esekla the Sneak (Octopode Delver)                   Turns: 199, Time: 00:03:36

Health: 0/26       AC:  1    Str: 11    XL:     3   Next: 33%
Magic:  1/4        EV: 13    Int: 14    God:
Gold:   31         SH:  0    Dex: 13    Spells: 3/3 levels left

rFire   . . .      SeeInvis .    a - +0 falchion
rCold   . . .      Faith    .    (no shield)
rNeg    . . .      Spirit   .    (helmet restricted)
rPois   .          Reflect  .    (no amulet)
rElec   .          Harm     .    (no ring)
rCorr   .          Rampage  .    (no ring)
Will    .....                    (no ring)
Stlth   ++++                     (no ring)
HPRegen 0.24/turn                (no ring)
MPRegen 0.09/turn                (no ring)
                                 (no ring)
                                 (no ring)

@: hasted, very quick
A: almost no armour, amphibious, 8 rings, camouflage 1, gelatinous body 1,
(nimble swimmer 1), tentacles
a: no special abilities


You were on level 5 of the Dungeon.
You visited 1 branch of the dungeon, and saw 1 of its levels.

You collected 31 gold pieces.

Inventory:

Hand Weapons
 a - a +0 falchion (weapon)
Wands
 f - a wand of digging (3)
Scrolls
 b - a scroll of fog
 c - a scroll of summoning {unknown}


   Skills:
 * Level 3.2 Fighting
 * Level 2.2 Long Blades
 * Level 2.2 Dodging
 + Level 7.2 Stealth
 * Level 0.7 Spellcasting


You had 3 spell levels left.
You didn't know any spells.
Your spell library was empty.

Dungeon Overview and Level Annotations

Branches:
Dungeon (5/15)             Temple (0/1) D:5

Altars:


Innate Abilities, Weirdness & Mutations

You cannot wear most types of armour.
You are amphibious.
You can wear up to eight rings at the same time.
Your skin changes colour to match your surroundings (Stealth+).
Your rubbery body absorbs attacks. (AC +1, EV +1)
((You are camouflaged when in or above water. (Stealth+)))
You have tentacles for arms and can constrict up to eight enemies at once.


Message History

A black bear comes into view.
Found 5 datura-tipped darts.
The black bear growls angrily.
The black bear moves out of view.
Found a staircase to the Ecumenical Temple.
Found a gold piece.
There is a staircase to the Ecumenical Temple here.
You see here a gold piece.
The black bear attacks as you move away!
The black bear bites you! The black bear claws you. The black bear misses you.
As you read the scroll of fear, it crumbles to dust.
You assume a fearsome visage.
The black bear looks frightened!
You see here a gold piece.
You now have 16 gold pieces (gained 1).
You have 16 gold pieces.
Unknown command.
Found 15 gold pieces.
A hound comes into view.
The hound barks!
You see here 15 gold pieces.
You now have 31 gold pieces (gained 15).
You barely miss the hound. Your grab misses the hound. The hound bites you.
You closely miss the hound. You grab the hound. You squeeze the hound.
The hound is lightly wounded.
You constrict the hound. The hound bites you. x2
Okay, then.
You hit the hound but do no damage. You squeeze the hound!
The hound is almost dead.
You constrict the hound.
You kill the hound!
Your Stealth skill increases to level 7!
You have reached level 2!
You have reached level 3!
Your experience leads to an increase in your attributes!
Increase (S)trength, (I)ntelligence, or (D)exterity?
You feel clever. x2
You feel yourself speed up. The black bear bites you.
* * * LOW HITPOINT WARNING * * *
The black bear claws you.
You die...

#.h..h.......#..#,,,,,* *,,,*
#...#.#.#....#..#,,,,,****+**
..#.#.#.#.##....#,,,,,+,,,,*
#,#...........#.#,,,,,***********
,,...#.##.#.#.#.#,,,,,* *,,,,,
,,##,#....#.#...#****** *,***,
................# *,* *,
.+...#####.##.##########****,* *,
,###.****#.#...h@†......,,,,,***,
***#,,,,,..##########...,,,,,,,,,
***,,,,***##****,,,,,,,,,,,,,,,,,
,,,,,,,,,,,,,,,+,,,,,,,,,,,,,,,,,
,,,,,,,,,,******,,,,,,,**,,,,,,,,
,,,,,,,,,,* *,,,,,,,**,,,,,,,,
,,,,,,,,,,* *,,,,,,,**,,,,,,,,
,,,,,,,,,,* *,,,,,,,****+*,,,,
,,,,,,,,,,* *,,,,,,,* *,*,,,,


You could see a black bear.

Vanquished Creatures
  A hound (D:5)
  An ufetubus (D:5)
2 creatures vanquished.

Notes
Turn   | Place    | Note
-------+----------+-------------------------------------------
     0 | D:5      | Esekla the Octopode Delver began the quest for the Orb.
     0 | D:5      | Reached XP level 1. HP: 16/16 MP: 1/1
   160 | D:5      | Noticed a black bear
   162 | D:5      | Found a staircase to the Ecumenical Temple.
   193 | D:5      | Noticed a hound
   198 | D:5      | Killed a hound
   199 | D:5      | Reached skill level 7 in Stealth
   199 | D:5      | Reached XP level 2. HP: 7/21 MP: 1/3
   199 | D:5      | Reached XP level 3. HP: 9/26 MP: 1/4
   199 | D:5      | Slain by a black bear

Illustrated notes

Levels and vault maps discovered:
D:5:      layout_basic, minmay_temple_entry_ruins

Skill      XL: |  1 |
---------------+----+-----
Stealth        | 7 |  7.2
Fighting       | |  3.2
Long Blades    | |  2.2
Dodging        | |  2.2
Spellcasting   | |  0.7

Action                     || total
---------------------------++-------
  Melee: Falchion          ||     5
         Tentacles         ||     3
         Constrict         ||     1
    Use: Scroll            ||     2
         Potion            ||     1
  Dodge: Dodged            ||     5

Table legend: (Time is in decaauts)
 A = Elapsed time spent in this place.
 B = Non-inter-level travel time spent in this place.
 C = Inter-level travel time spent in this place.
 D = Time resting spent in this place.
 E = Time spent auto-exploring this place.
 F = Levels seen in this place.
 G = Mean time per level.
                   A        B        C        D        E       F      G
               +--------+--------+--------+--------+--------+-----+--------+
         Total |    200 |    200 |      0 |      0 |      0 |   1 |  200.0 |
       Dungeon |    200 |    200 |      0 |      0 |      0 |   1 |  200.0 |
               +--------+--------+--------+--------+--------+-----+--------+

Top non-repeatable levels by time:
     D:5: 200 daAuts
